AoeStats
← linck92

Fortress

510435886Analyzed
1v1 RM · 13h ago on Oct 1, 2026· 24m 41s· 2 players
Game mode
Random Map
Map size
Small (3 player)
Population
200
Speed
Normal
Resources
Standard
Victory
Conquest
Starting age
Dark Age
Ending age
Imperial Age
RankedLock teamsTeams togetherTeam positionsShared explorationLock speedFull tech treeHidden civsTurbo modeCheats
Victory
Defeat
🇵🇪 Spanish · Peru
947
+17
🇲🇽 Mongols · Mexico
976
-17
MERCA
8:07 Feudal Age
12:05 Castle Age
10:31 Double-Bit Axe
10:49 Stone Mining
21:48 Padded Archer Armor
21:41 Fletching
23:04 Bodkin Arrow
linck92
0:28 Loom
5:35 Feudal Age
6:02 Double-Bit Axe
6:05 Horse Collar
7:20 Wheelbarrow
12:57 Gold Mining
16:02 Castle Age
14:00 Stone Mining
17:23 Fletching
Connection lost

Rejoining the realm…

Still unreachable

The connection could not be restored.

Session expired

The server has moved on; the page needs a fresh start.